 Dungeon Crawl Stone Soup version 0.30-a0-168-g0b976cbdc4 (webtiles) character file.

Game seed: 17558483879486984004

1470 porpoise the Covert (level 8, -11/55 HPs)
             Began as an Octopode Enchanter on Sept 30, 2022.
             Was an Initiate of Hepliaklqana.
             Mangled by an ogre
             ... wielding a +0 giant club
              (19 damage)
             ... on level 6 of the Dungeon.
             The game lasted 00:21:38 (5776 turns).

porpoise the Covert (Octopode Enchanter)            Turns: 5776, Time: 00:21:39

Health: -11/55     AC:  1    Str:  7    XL:     8   Next: 78%
Magic:  5/11       EV: 13    Int: 16    God:    Hepliaklqana [......]
Gold:   98         SH:  0    Dex: 16    Spells: 6/11 levels left

rFire   . . .      SeeInvis .    b - +10 war axe of Zogaf {flame, rC- rN++ Int-2 Dex+2}
rCold   x . .      Faith    .    (no shield)
rNeg    + + .      Spirit   .    (helmet restricted)
rPois   .          Reflect  .    s - amulet of regeneration
rElec   .          Harm     .    (no ring)
rCorr   .          Rampage  .    (no ring)
Will    .....                    (no ring)
Stlth   +++++.....               (no ring)
HPRegen 0.98/turn                (no ring)
MPRegen 0.12/turn                (no ring)
                                 (no ring)
                                 (no ring)

@: no status effects
A: almost no armour, amphibious, 8 rings, camouflage 1, gelatinous body 1,
(nimble swimmer 1), tentacles
a: Renounce Religion


You were on level 6 of the Dungeon.
You worshipped Hepliaklqana.
Hepliaklqana was noncommittal.
You visited 2 branches of the dungeon, and saw 7 of its levels.

You collected 374 gold pieces.
You spent 276 gold pieces at shops.

Inventory:

Hand Weapons
 a - a +1 dagger
 b - the +10 war axe of Zogaf (weapon) {flame, rC- rN++ Int-2 Dex+2}
   (You found it on level 4 of the Dungeon)

   It burns those it strikes, dealing additional fire damage.
   Big, fiery blades are also staple armaments of hydra-hunters.
   Int:       It affects your intelligence (-2).
   Dex:       It affects your dexterity (+2).
   rC:        It makes you vulnerable to cold.
   rN:        It greatly protects you from negative energy.
 r - a +0 sling
 u - a +4 falchion
Missiles
 e - 12 poisoned darts (quivered)
Jewellery
 s - an amulet of regeneration (around mantle)
Scrolls
 c - a scroll of summoning
 g - a scroll of magic mapping
 h - a scroll of enchant weapon {unknown}
 i - 3 scrolls of teleportation
 j - a scroll of immolation {unknown}
 k - a scroll of fog {unknown}
 l - a scroll of noise {unknown}
 n - a scroll of torment {unknown}
 o - a scroll of vulnerability
Potions
 d - 5 potions of curing
 f - a potion of ambrosia
 m - a potion of haste
 p - 2 potions of brilliance
 q - 3 potions of invisibility
 t - a potion of resistance
 v - 2 potions of degeneration {unknown}
 w - a potion of might
 x - a potion of heal wounds
 z - 2 potions of cancellation


   Skills:
 - Level 5.0 Fighting
 + Level 6.1 Short Blades
 - Level 2.0 Dodging
 - Level 9.0 Stealth
 - Level 2.0 Spellcasting
 + Level 4.3 Hexes
 + Level 2.1 Ice Magic


You had 6 spell levels left.
You knew the following spells:

 Your Spells              Type           Power      Damage    Failure   Level
a - Ensorcelled Hibernat  Hex/Ice        22%        N/A       9%          2
t - Confusing Touch       Hex            15%        N/A       11%         3

Your spell library contained the following spells:

 Spells                   Type           Power      Damage    Failure   Level
 Tukima's Dance           Hex            15%        N/A       11%         3
 Dazzling Flash           Conj/Hex       16%        N/A       26%         3
 Gell's Gravitas          Tloc           1%         N/A       52%         3
 Teleport Other           Tloc           1%         N/A       52%         3
 Metabolic Englaciation   Hex/Ice        5%         N/A       83%         5
 Petrify                  Tmut/Erth      1%         N/A       90%         4
 Blade Hands              Tmut           0%         N/A       99%         5
 Dispersal                Tloc           0%         N/A       100%        6
 Iron Shot                Conj/Erth      0%         9d1       100%        6
 Statue Form              Tmut/Erth      0%         N/A       100%        6
 Animate Armour           Summ/Erth      Unusable   N/A       N/A         4

Dungeon Overview and Level Annotations

Branches:
Dungeon (6/15)             Temple (1/1) D:5

Altars:
Ashenzari
Cheibriados
Elyvilon
Fedhas
Hepliaklqana
Makhleb
Okawaru
Qazlal
Ru
Sif Muna
Uskayaw
Vehumet
Wu Jian
Xom
Yredelemnul
Zin
The Shining One

Shops:
D:5 !

Annotations:
D:4 4 runed translucent doors


Innate Abilities, Weirdness & Mutations

You cannot wear most types of armour.
You are amphibious.
You can wear up to eight rings at the same time.
Your skin changes colour to match your surroundings (Stealth+).
Your rubbery body absorbs attacks. (AC +1, EV +1)
((You are camouflaged when in or above water. (Stealth+)))
You have tentacles for arms and can constrict up to eight enemies at once.


Message History

You kill the jelly!
Your Ice Magic skill increases to level 2!
HP restored.
v - 2 viscous amethyst potions (gained 1)
You now have 98 gold pieces (gained 16).
Found a club.
Found a stone staircase leading up.
h - a scroll labelled XUDGHI TATU You see here a +0 club.
Edmund the Younger comes into view.
He is wielding a +2 antimagic flail.
An ogre comes into view. It is wielding a +0 giant club.
Found 15 gold pieces.
Edmund shouts!
Edmund hits you with a +2 antimagic flail!
You feel your power leaking away.
You hit Edmund. You grab Edmund.
Edmund is lightly wounded.
You constrict Edmund, but do no damage.
You feel stupid.
You feel agile.
The +10 war axe of Zogaf {flame, rC- rN++ Int-2 Dex+2} bursts into flame!
b - the +10 war axe of Zogaf (weapon)
{flame, rC- rN++ Int-2 Dex+2} You constrict Edmund, but do no damage.
Edmund hits you with a +2 antimagic flail!
You feel your power leaking away.
You hit Edmund. You burn Edmund. You squeeze Edmund.
Edmund is moderately wounded.
You constrict Edmund. Edmund hits you but does no damage.
You slash Edmund! You burn Edmund.
Edmund is severely wounded.
You slash the ogre! You burn the ogre. You constrict Edmund.
The ogre hits you with a +0 giant club!!
Ouch! That really hurt!
* * * LOW HITPOINT WARNING * * *
Edmund closely misses you. Edmund barely misses you.
You slash Edmund! You burn Edmund.
You kill Edmund!
You hit the ogre. You burn the ogre.
The ogre hits you with a +0 giant club!!
You die...

#######
##......#
.......###.
#.#........
#.#O).$####
#..@.......
####
#.#.###....
.....##.#.# .
..........#<.
....##.###.#
# #.# #.# #.#
#.#
#.###.####
#)#......#


You could see an ogre.

Vanquished Creatures
  A two-headed ogre (D:4)
  Edmund (D:6)
  A black bear (D:5)
  A centaur (D:4)
  2 phantoms (D:5)
  A scorpion (D:3)
  2 necrophages
  A wight (D:4)
  A jelly (D:6)
  A hound (D:5)
  2 iguanas
  2 orc wizards (D:5)
  3 gnolls
  4 adders
  An ufetubus (D:5)
  3 worms
  A dart slug (D:4)
  8 orcs
  12 endoplasms
  5 giant cockroaches
  5 goblins
  6 hobgoblins
  3 jackals (D:1)
  8 quokkas
  6 ball pythons
  2 bats
  2 frilled lizards
  4 kobolds
  5 rats
94 creatures vanquished.

Notes
Turn   | Place    | Note
-------+----------+-------------------------------------------
     0 | D:1      | porpoise the Octopode Enchanter began the quest for the
                  | Orb.
     0 | D:1      | Reached XP level 1. HP: 11/11 MP: 3/3
   498 | D:1      | Found a faded altar of an unknown god.
   639 | D:1      | Reached XP level 2. HP: 15/18 MP: 5/5
  1092 | D:1      | Reached skill level 1 in Fighting
  1426 | D:1      | Reached XP level 3. HP: 8/23 MP: 6/6
  1798 | D:2      | Learned a level 2 spell: Ensorcelled Hibernation
  1802 | D:2      | Learned a level 3 spell: Confusing Touch
  1961 | D:2      | Found a snail-covered altar of Cheibriados.
  2585 | D:3      | Reached XP level 4. HP: 29/29 MP: 7/7
  2593 | D:3      | Reached skill level 5 in Stealth
  3256 | D:3      | Noticed a scorpion
  3261 | D:3      | Killed a scorpion
  3262 | D:3      | Reached XP level 5. HP: 35/35 MP: 8/8
  3870 | D:4      | Found a basalt altar of Yredelemnul.
  4142 | D:4      | Found a large runed translucent door.
  4146 | D:4      | Found a large runed translucent door.
  4155 | D:4      | Found a large runed translucent door.
  4155 | D:4      | Found a large runed translucent door.
  4183 | D:4      | Reached skill level 6 in Stealth
  4183 | D:4      | Reached XP level 6. HP: 33/42 MP: 9/9
  4202 | D:4      | Noticed a two-headed ogre
  4212 | D:4      | Killed a two-headed ogre
  4213 | D:4      | Reached skill level 5 in Short Blades
  4213 | D:4      | Reached skill level 8 in Stealth
  4213 | D:4      | Reached XP level 7. HP: 20/49 MP: 10/10
  4244 | D:4      | Identified the +10 war axe of Zogaf {flame, rC- rN++ Int-2
                  | Dex+2}
  4308 | D:4      | Reached XP level 8. HP: 54/54 MP: 11/11
  4482 | D:4      | Found a white marble altar of Elyvilon.
  4483 | D:4      | Found an iron altar of Okawaru.
  4496 | D:4      | Reached skill level 5 in Fighting
  4639 | D:5      | Entered Level 5 of the Dungeon
  4788 | D:5      | Found an ornate altar of the Wu Jian Council.
  4828 | D:5      | Found a sacrificial altar of Ru.
  4837 | D:5      | Reached skill level 9 in Stealth
  5130 | D:5      | Found a staircase to the Ecumenical Temple.
  5134 | D:5      | Reached skill level 1 in Ice Magic
  5161 | Temple   | Entered the Ecumenical Temple
  5161 | Temple   | Found a transporter.
  5161 | Temple   | Found a transporter.
  5164 | Temple   | Found a transporter.
  5164 | Temple   | Found a transporter.
  5211 | Temple   | Became a worshipper of Hepliaklqana the Forgotten
  5324 | D:5      | Found Ximmuafa's Distillery.
  5333 | D:5      | Bought a potion of invisibility for 96 gold pieces
  5333 | D:5      | Bought 2 potions of curing for 72 gold pieces
  5333 | D:5      | Bought a potion of might for 48 gold pieces
  5333 | D:5      | Bought a potion of heal wounds for 60 gold pieces
  5766 | D:6      | Noticed Edmund
  5776 | D:6      | Killed Edmund
  5776 | D:6      | Mangled by an ogre

Illustrated notes

Levels and vault maps discovered:
D:1:      amcnicky_arrival_flooded_fountain, layout_loops_corners,
          shapermc_ecumenical_altar_mp_ritualfount
D:2:      layout_rooms, basic_altar
D:3:      layout_loops_cross
D:4:      layout_rooms, jmf_multi_god_temple, kennysheep_little_box,
          minmay_hollow_rounded_squares
D:5:      layout_loops_ring, nicolae_ru_great_annihilating_truth,
          lemuel_doored_altar, minmay_temple_entry_glassed_door, serial_shops,
          nicolae_shop_trees
D:6:      layout_loops_cross, mainiacjoe_overflow_large_starburst, uniq_edmund
Temple:   hellmonk_temple_divided_pantheon

Skill      XL: |  1  2  3  4  5  6  7  8 |
---------------+-------------------------+-----
Fighting       | 1 2 3 4 5 |  5.0
Short Blades   | 2 3 5 6 |  6.1
Stealth        | 5 6 8 9 |  9.0
Hexes          | 4 |  4.3
Ice Magic      | 2 |  2.1
Dodging        | |  2.0
Spellcasting   | |  2.0

Action                   |  1- 3 |  4- 6 |  7- 9 || total
-------------------------+-------+-------+-------++-------
Melee: Dagger            |    69 |    65 |    51 ||   185
       Constrict         |    13 |    11 |    10 ||    34
       Tentacles         |    14 |    19 |    17 ||    50
       Punch             |     1 |       |     2 ||     3
       War axe           |       |       |    20 ||    20
Throw: Dart              |     8 |     8 |       ||    16
  Use: Scroll            |       |    10 |     1 ||    11
       Potion            |       |     2 |     1 ||     3
 Stab: Sleeping          |    17 |    11 |    10 ||    38
       Distracted        |       |     1 |       ||     1
       Invisible         |       |     1 |       ||     1
       Paralysed         |       |       |     1 ||     1
Armor: Skin              |     2 |     2 |     6 ||    10
Dodge: Dodged            |    13 |    25 |    30 ||    68

Table legend: (Time is in decaauts)
 A = Elapsed time spent in this place.
 B = Non-inter-level travel time spent in this place.
 C = Inter-level travel time spent in this place.
 D = Time resting spent in this place.
 E = Time spent auto-exploring this place.
 F = Levels seen in this place.
 G = Mean time per level.
                   A        B        C        D        E       F      G
               +--------+--------+--------+--------+--------+-----+--------+
         Total |   5746 |   5601 |    145 |   1982 |   2719 |   7 |  820.9 |
       Dungeon |   5676 |   5531 |    145 |   1982 |   2719 |   6 |  946.0 |
        Temple |     70 |     70 |      0 |      0 |      0 |   1 |   70.0 |
               +--------+--------+--------+--------+--------+-----+--------+

Top non-repeatable levels by time:
     D:1: 1789 daAuts
     D:4: 1119 daAuts
     D:3: 998 daAuts
     D:5: 978 daAuts
     D:2: 711 daAuts
     D:6: 79 daAuts
  Temple: 70 daAuts
